Map: Blackpink LE

Players

Guru - Winner!

  • Race: Zerg Zerg
  • Spawn Location: 7:00

Holly

  • Race: Protoss Protoss
  • Spawn Location: 1:00

Event: WCS Leipzig 2018

VOD

Have the link to the VOD?

Description

Time

  • Played on: Jan. 26, 2018, 6:27 a.m.
  • Length: 8:31

All games in this series

Show
View Real Time Build Order
Export as new Build Order

Guru Zerg - Winner!

Build Orders: Hatch First 

Get SALT Encoding   

  12  0:01  Drone  
  13  0:13  Overlord  
  13  0:17  Drone  
  14  0:31  Drone  
  14  0:32  Drone  
  16  0:48  Hatchery  
  15  0:51  Drone  
  15  0:56  Drone  
  17  0:58  Drone  
  18  1:05  Extractor  
  17  1:14  Spawning Pool  
  17  1:17  Drone  
  17  1:21  Drone  
  18  1:29  Drone  
  19  2:00  Queen x2  
  23  2:01  Zergling x2  
  23  2:03  Drone x3  
  23  2:08  Metabolic Boost  
  27  2:12  Drone  
  28  2:19  Overlord  
  28  2:25  Overlord  
  28  2:37  Queen x2  
  28  2:40  Drone  
  28  2:42  Drone  
  34  2:50  Zergling x4  
  36  2:52  Drone  
  36  2:54  Drone  
  36  2:57  Drone  
  39  3:09  Drone x3  
  39  3:10  Drone  
  39  3:11  Drone  
  44  3:13  Overlord  
  44  3:16  Overlord  
  43  3:22  Lair  
  42  3:29  Drone  
  44  3:34  Drone x4  
  47  3:45  Hatchery  
  46  3:51  Drone  
  46  3:52  Drone x2, Extractor x2  
  47  3:56  Drone x3  
  47  3:59  Drone  
  51  4:06  Overlord  
  51  4:07  Evolution Chamber  
  50  4:12  Drone  
  51  4:17  Drone x4  
  54  4:25  Drone x3  
  54  4:26  Hydralisk Den  
  54  4:37  Drone, Overlord  
  55  4:45  Zergling x6  
  57  4:46  Zerg Missile Weapons Level 1  
  57  4:47  Overlord  
  57  4:48  Zergling x4  
  60  4:55  Muscular Augments  
  60  4:59  Extractor  
  59  5:00  Hydralisk x3  
  59  5:06  Hydralisk  
  66  5:14  Zergling x14  
  67  5:15  Zergling x2  
  67  5:17  Zergling x4  
  67  5:19  Zergling x2  
  77  5:22  Zergling x2  
  77  5:28  Drone x2  
  80  5:30  Hydralisk  
  82  5:39  Overlord  
  82  5:43  Overlord x2  
  82  5:47  Overlord  
  82  5:54  Overlord  
  82  5:57  Drone x2  
  82  5:58  Drone x4  
  87  6:07  Hydralisk x4  
  87  6:08  Hydralisk  
  87  6:10  Drone x2  
  99  6:21  Hydralisk x4  
  107  6:26  Drone x2  
  109  6:35  Spire  
  109  6:37  Hydralisk x2  
  109  6:39  Hydralisk  
  112  6:40  Hydralisk  
  112  6:46  Hydralisk  
  116  6:48  Hydralisk  
  116  6:51  Zergling x2  
  121  6:55  Overlord x2  
  121  6:56  Overlord  
  121  6:59  Zergling x2  
  121  7:00  Zergling x4  
  121  7:01  Hydralisk  
  122  7:04  Hydralisk  
  122  7:07  Hydralisk x2  
  114  7:14  Hydralisk  
  108  7:17  Zergling x8  
  108  7:18  Zergling x8  
  108  7:19  Zergling x2  
  114  7:25  Hydralisk x2  
  116  7:31  Hydralisk x2  
  117  7:37  Hydralisk  
  117  7:39  Zergling x4  
  117  7:40  Zergling x6  
  117  7:41  Zergling x2  
  117  7:42  Zergling x2  
  126  7:48  Hydralisk x2  
  128  7:52  Zergling x6  
  128  7:53  Zergling x2  
  128  7:58  Hatchery  
  131  8:00  Drone x4  
  131  8:01  Overseer  
  135  8:06  Hydralisk  
  135  8:07  Zergling x2  
  135  8:08  Zergling x4  
  135  8:09  Overseer  
Show
View Real Time Build Order
Export as new Build Order

Holly Protoss 

Build Orders: 1 Gate Expand, Oracle Opening, Phoenix Opening 

Get SALT Encoding   

  12  0:00  Probe  
  13  0:13  Probe  
  14  0:20  Pylon  
  14  0:25  Probe  
  15  0:38  Probe (Chrono Boost), Gateway  
  16  0:48  Probe (Chrono Boost)  
  17  0:53  Probe (Chrono Boost)  
  17  0:55  Assimilator  
  18  1:04  Probe  
  19  1:16  Probe  
  20  1:23  Nexus  
  20  1:36  Cybernetics Core  
  20  1:38  Probe  
  21  1:47  Assimilator  
  21  1:50  Probe  
  21  1:53  Pylon  
  22  2:02  Probe  
  23  2:10  Adept (Chrono Boost)  
  23  2:14  Probe (Chrono Boost), Warp Gate  
  26  2:24  Probe (Chrono Boost)  
  26  2:29  Probe (Chrono Boost)  
  27  2:30  Stargate  
  27  2:34  Adept (Chrono Boost)  
  30  2:37  Probe  
  30  2:41  Probe  
  32  2:49  Probe  
  32  2:53  Probe  
  33  3:01  Probe  
  33  3:05  Probe  
  35  3:14  Probe, Oracle (Chrono Boost)  
  35  3:17  Probe  
  40  3:21  Robotics Facility  
  40  3:22  Assimilator  
  40  3:26  Probe  
  41  3:29  Probe  
  41  3:34  Gateway  
  40  3:37  Pylon  
  40  3:38  Probe  
  41  3:41  Probe  
  41  3:42  Pylon  
  41  3:46  Phoenix (Chrono Boost)  
  44  3:50  Probe  
  44  3:53  Probe  
  46  4:01  Assimilator  
  46  4:02  Probe  
  47  4:05  Probe  
  48  4:11  Shield Battery, Warp Prism  
  48  4:16  Pylon  
  51  4:17  Probe  
  51  4:18  Adept  
  51  4:20  Probe  
  52  4:29  Probe  
  53  4:32  Probe  
  51  4:41  Adept  
  51  4:42  Probe  
  51  4:43  Twilight Council  
  51  4:44  Probe  
  51  4:45  Gateway  
  55  4:50  Immortal (Chrono Boost)  
  59  5:11  Gateway  
  59  5:12  Gateway  
  45  5:14  Resonating Glaives (Chrono Boost), Gateway  
  59  5:15  Sentry x2  
  59  5:19  Gateway  
  63  5:21  Gateway  
  63  5:23  Probe  
  64  5:29  Immortal  
  64  5:33  Pylon  
  68  5:41  Pylon x2  
  68  5:52  Pylon  
  68  5:53  Sentry  
  70  6:00  Sentry x2  
  74  6:13  Observer (Chrono Boost), Gateway  
  74  6:15  Adept, Sentry x2  
  74  6:16  Adept  
  83  6:23  Zealot  
  83  6:24  Adept x3  
  89  6:42  Adept x2, Pylon  
  89  6:44  Pylon  
  88  6:57  Adept x4  
  88  6:58  Adept  
  73  7:13  Immortal  
  72  7:17  Probe x2  
  74  7:29  Probe x2  
  76  7:36  Zealot  
  78  7:41  Probe (Chrono Boost)  
  80  7:45  Probe (Chrono Boost)  
  76  7:53  Probe (Chrono Boost)  
  76  7:56  Probe (Chrono Boost)  
  76  7:57  Observer, Gateway  
  78  8:03  Pylon  
  78  8:05  Probe  
  79  8:09  Probe  
  80  8:17  Probe  
  80  8:19  Zealot, Cybernetics Core  
Tags
 
Add a new tag
Caveats
  • Supply blocks, unpowered buildings, or Contaminate may cause inaccurate times.
  • Supply counts are checked every 10 seconds.